 Dungeon Crawl Stone Soup version 0.16-a0-3706-g5dff784 (webtiles) character file.

229 Skiberibeda the Skirmisher (level 5, -13/48 HPs)
             Began as a Minotaur Berserker on Jan 19, 2015.
             Was a Priest of Trog.
             Mangled by Pumuuf the merfolk
             ... wielding a +1 trident of piercing
             ... created by the player character
              (17 damage)
             ... on level 4 of the Dungeon.
             The game lasted 00:24:15 (2347 turns).

Skiberibeda the Skirmisher (Minotaur Berserker)     Turns: 2347, Time: 00:24:16

Health: -13/48     AC: 12    Str: 23    XL:     5   Next: 71%
Magic:  2/2        EV: 11    Int:  4    God:    Trog [***...]
Gold:   168        SH:  0    Dex:  9    Spells: 0 memorised, 4 levels left

rFire  + . .     SeeInvis .     C - +4 quarterstaff (chaos)
rCold  . . .     Clarity  .     j - +0 scale mail
rNeg   . . .     SustAb   .     (no shield)
rPois  +         Gourm    .     (helmet restricted)
rElec  .         Spirit   .     k - +2 cloak {rPois}
rCorr  .         Warding  .     (no gloves)
rMut   .         Stasis   .     (no boots)
MR     .....                    (no amulet)
Stlth  ..........               t - +2 ring of protection
                                n - ring of protection from fire

@: not resistant to hostile enchantments, extremely unstealthy
A: retaliatory headbutt, horns 2
a: Burn Spellbooks, Berserk, Trog's Hand, Renounce Religion


You were on level 4 of the Dungeon.
You worshipped Trog.
Trog was most pleased with you.
You were not hungry.

You visited 1 branch of the dungeon, and saw 4 of its levels.

You collected 168 gold pieces.

Inventory:

Hand weapons
 a - a +0 hand axe
 s - a +0 scythe
 x - a +0 short sword
 y - a +0 hand axe
 C - a +4 quarterstaff of chaos (weapon)
 D - a +0 hammer
Missiles
 g - 98 stones (quivered)
 h - 2 tomahawks
 i - 41 arrows
 p - a throwing net
 q - 35 bolts
 A - 11 poisoned needles
 B - 16 sling bullets
Armour
 b - a +0 animal skin
 j - a +0 scale mail (worn)
 k - a +2 cloak of poison resistance (worn)
 u - a +0 robe
Jewellery
 n - a ring of protection from fire (left hand)
 t - a +2 ring of protection (right hand)
Magical devices
 E - a wand of polymorph (6)
Scrolls
 d - 2 scrolls of identify
 e - 2 scrolls of remove curse {unknown}
 v - 2 scrolls of teleportation {unknown}
 z - a scroll of fear {unknown}
Potions
 f - a potion of degeneration {unknown}
 m - a potion of mutation {unknown}
 o - a potion of resistance {unknown}
 r - a potion of invisibility {unknown}
 F - a potion of restore abilities {unknown}
Miscellaneous
 l - a plain deck of wonders {drawn: 1}
Comestibles
 c - 2 bread rations
 w - a meat ration


   Skills:
 + Level 5.2 Fighting
 + Level 4.6 Axes
 + Level 3.8 Armour
 + Level 3.8 Dodging
 + Level 0.8 Stealth


You had 4 spell levels left.
You didn't know any spells.

Dungeon Overview and Level Annotations

Branches:
Dungeon (4/15)
 Temple: D:4-7

Altars:
Nemelex Xobeh
Trog


Innate Abilities, Weirdness & Mutations

You reflexively headbutt those who attack you in melee.
You have a pair of horns on your head.


Message History

Pumuuf hits you with a trident of piercing!!
You hit Pumuuf but do no damage.
Pumuuf is poisoned.
Pumuuf is lightly wounded.
Pumuuf hits you but does no damage.
You hit Pumuuf.
Pumuuf goes berserk!
Pumuuf is lightly wounded.
Pumuuf barely misses you.
You closely miss Pumuuf.
Pumuuf is lightly wounded.
Pumuuf misses you. You furiously retaliate!
You headbutt Pumuuf.
Pumuuf hits you with a trident of piercing.
You sock Pumuuf!
You feel better.
Pumuuf is moderately wounded.
Pumuuf hits you with a trident of piercing!!
* * * LOW HITPOINT WARNING * * *
x2 Pumuuf barely misses you.
You barely miss Pumuuf. You headbutt Pumuuf!
Pumuuf is heavily wounded.
Pumuuf hits you with a trident of piercing!
You die...

#.....###...##.#.......5.
#.....# #...............
#.<...# #...##......#..
###.....###.............
#.'.....'..........#####
#.#.....######.....#
#.#................#
#.#......###.......#
#.#......# #.m@[...#
#.#......###.......#
#..........'...#####
####......##...#
#.####......##...#
#................###
######.###.........####
######.# #.##.........#
.......# #.##.........#


You could see Pumuuf the merfolk (berserk).

Vanquished Creatures
  Sigmund (D:3)
  Crazy Yiuf (D:3)
  Natasha (twice) (D:4)
  2 adders (D:2)
  2 worms (D:2)
  A giant mite (D:2)
  2 orcs
  A ball python (D:3)
  3 giant cockroaches
  7 hobgoblins
  5 jackals
  10 bats
  2 giant geckos
  5 giant newts
  6 goblins
  4 kobolds
  6 rats
60 creatures vanquished.

Vanquished Creatures (others)
  Natasha (D:4)
1 creature vanquished.

Grand Total: 61 creatures vanquished

Notes
Turn   | Place    | Note
--------------------------------------------------------------
     0 | D:1      | Skiberibeda, the Minotaur Berserker, began the quest for the Orb.
     0 | D:1      | Reached XP level 1. HP: 19/19 MP: 1/1
   276 | D:1      | Reached XP level 2. HP: 25/27 MP: 1/1
   314 | D:1      | Reached skill level 4 in Axes
   320 | D:1      | Acquired Trog's second power
   541 | D:2      | Found a sparkling altar of Nemelex Xobeh.
   637 | D:2      | Reached XP level 3. HP: 32/34 MP: 2/2
  1071 | D:2      | Reached XP level 4. HP: 39/41 MP: 2/2
  1180 | D:3      | Noticed Sigmund
  1433 | D:3      | Killed Sigmund
  1433 | D:3      | Reached skill level 5 in Fighting
  1433 | D:3      | Reached XP level 5. HP: 32/48 MP: 2/2
  1633 | D:3      | Found a bloodstained altar of Trog.
  1951 | D:3      | Noticed Crazy Yiuf
  1957 | D:3      | Killed Crazy Yiuf
  2197 | D:4      | Noticed Natasha
  2204 | D:4      | Killed Natasha
  2239 | D:4      | Noticed Natasha
  2247 | D:4      | Killed Natasha
  2284 | D:4      | Noticed Natasha
  2322 | D:4      | Killed Natasha
  2340 | D:4      | Noticed Pumuuf
  2347 | D:4      | Mangled by Pumuuf the merfolk

Action                   |  1- 3 |  4- 6 || total
-------------------------+-------+-------++-------
Melee: Hand axe          |    82 |    62 ||   144
       Quarterstaff      |       |    13 ||    13
Evoke: Deck              |       |     1 ||     1
  Use: Scroll            |       |     1 ||     1
       Potion            |       |     1 ||     1
  Eat: Bread ration      |       |     1 ||     1
